 Dungeon Crawl Stone Soup version 0.25-a0-464-g3004169 (webtiles) character file.

Game seed: 9934008532233228648, levelgen mode: deterministic

494 Firecrotchwizard the Insei (level 6, -2/47 HPs)
             Began as a Demonspawn Transmuter on Feb 4, 2020.
             Killed by nerve-wracking pain
             ... invoked by Menkaure
              (9 damage)
             ... on level 5 of the Dungeon.
             The game lasted 00:10:55 (5811 turns).

Firecrotchwizard the Insei (Demonspawn Transmuter)  Turns: 5811, Time: 00:10:55

Health: -2/47      AC: 11    Str: 14    XL:     6   Next: 92%
Magic:  6/9        EV: 12    Int: 17    God:
Gold:   318        SH:  0    Dex: 13    Spells: 3/9 levels left

rFire    + . .     SeeInvis .     - Unarmed
rCold    . . .     Gourm    .   (no shield)
rNeg     . . .     Faith    .   b - +0 robe
rPois    .         Spirit   .   (no helmet)
rElec    .         Reflect  .   (no cloak)
rCorr    .         Harm     .   (no gloves)
MR       .....                  (boots currently unavailable)
Stlth    +.........             (no amulet)
HPRegen  0.15/turn              n - +4 ring of strength
MPRegen  0.11/turn              p - ring of flight {+Fly, !d}

@: appendage, sanguine armour
A: talons 3, fire resistance 1, spiny 2, sanguine armour 2
a: End Transformation, Evoke Flight


You were on level 5 of the Dungeon.
You were not hungry.
You had grown temporary talons.
You visited 1 branch of the dungeon, and saw 5 of its levels.

You collected 318 gold pieces.

Inventory:

Hand Weapons
 h - a +0 club
   (You took it off a kobold on level 1 of the Dungeon)
Missiles
 a - 71 arrows
Armour
 b - a +0 robe (worn)
 y - the cursed +0 helmet "Guhomn" {*Slow rPois Regen+}
   (You took it off Robin on level 4 of the Dungeon)

   It protects you from poison.
   It increases your rate of regeneration.
   It may slow you when you take damage.
   If you switch to wearing this armour, your AC will rise 1 point (11 -> 12) It
   has a curse placed upon it.
Jewellery
 i - an uncursed ring of fire {rF+, rC-}
   (You found it on level 1 of the Dungeon)
 n - a +4 ring of strength (left hand)
   (You found it on level 1 of the Dungeon)
 p - a ring of flight (right hand) {+Fly, !d}
   (You found it on level 2 of the Dungeon)
 s - an uncursed amulet of faith {Faith, !P}
   (You found it on level 4 of the Dungeon)
Scrolls
 g - 4 scrolls of teleportation {unknown}
 j - 7 scrolls of identify
 k - 2 scrolls of enchant weapon {unknown}
 m - a scroll of amnesia {unknown}
 r - a scroll of immolation {unknown}
 u - a scroll of blinking {unknown}
 v - 2 scrolls of remove curse {unknown}
Potions
 c - 2 potions of heal wounds {unknown}
 e - a potion of haste {unknown}
 f - a potion of magic {unknown}
 l - a potion of lignification {unknown}
 o - 3 potions of curing {unknown}
 q - 2 potions of ambrosia {unknown}
 t - a potion of might {unknown}
 w - a potion of mutation {unknown}
 z - a potion of cancellation {unknown}
Comestibles
 d - 7 rations
 x - a chunk of flesh {@w0}


   Skills:
 + Level 3.4 Fighting
 - Level 1.7 Dodging
 * Level 5.2 Unarmed Combat
 - Level 2.0 Spellcasting
 + Level 3.5 Transmutations
 + Level 1.7 Poison Magic


You had 3 spell levels left.
You knew the following spells:

 Your Spells              Type           Power        Failure   Level  Hunger
a - Beastly Appendage     Tmut           ##....       4%          1    #......
c - Spider Form           Tmut/Pois      ##........   21%         3    ###....
s - Sticks to Snakes      Tmut           ##......     7%          2    ###....

Your spell library contained the following spells:

 Spells                   Type           Power        Failure   Level  Hunger
 Ice Form                 Ice/Tmut       #.......     67%         4    #####..
 Blade Hands              Tmut           ##........   77%         5    ######.


Dungeon Overview and Level Annotations

Branches:
Dungeon (5/15)
 Temple: D:4-7

Altars:
Cheibriados
Kikubaaqudgha
Nemelex Xobeh
Trog
Vehumet

Annotations:
D:5 Menkaure


Innate Abilities, Weirdness & Mutations

Your flesh is heat resistant. (rF+)
You are mostly covered in sharp spines.
When seriously injured, your bleeding wounds create thick armour. (AC +9)
You have claws for feet.


Message History

You eat one of the 2 chunks of flesh {@w0}.
All of the chunks of flesh in your inventory have rotted away.
Health restored: 47
Things that are here:
a +0 whip; a +0 flail
There is an open door here.
A frilled lizard comes into view.
Items here: ) รทรทรท a +0 halberd; a jackal skeleton x2; a gnoll skeleton A frilled lizard is nearby!
The frilled lizard hisses angrily.
You miss the frilled lizard. The frilled lizard bites you.
You take 2 damage, and have 45/47 hp.
You hit the frilled lizard.
You kill the frilled lizard!
No target in view!
You butcher the frilled lizard corpse.
x - a chunk of flesh {@w0} You see here a frilled lizard skeleton. x2
z - a sedimented pink potion Health restored: 47 You now have 298 gold pieces (gained 6).
You open the door.
A bullfrog zombie comes into view.
There is an open door here.
The bullfrog zombie hits you.
You take 2 damage, and have 45/47 hp.
You punch the bullfrog zombie!
The bullfrog zombie is struck by your spines.
The bullfrog zombie hits you.
You take 3 damage, and have 42/47 hp.
You hit the bullfrog zombie.
The bullfrog zombie is struck by your spines.
The bullfrog zombie barely misses you.
You barely miss the bullfrog zombie.
The bullfrog zombie is struck by your spines.
The bullfrog zombie closely misses you.
The bullfrog zombie is struck by your spines.
The bullfrog zombie hits you.
You take 5 damage, and have 37/47 hp.
You barely miss the bullfrog zombie. The bullfrog zombie hits you.
You take 2 damage, and have 35/47 hp.
You are too injured to fight recklessly!
You are too injured to fight recklessly!
You are too injured to fight recklessly!
You are too injured to fight recklessly!
You punch the bullfrog zombie!
You destroy the bullfrog zombie!
You start resting.
Health restored: 47 A hound skeleton comes into view.
The hound skeleton barely misses you.
You punch the hound skeleton! The hound skeleton misses you.
The hound skeleton bites you.
You take 1 damage, and have 46/47 hp.
You closely miss the hound skeleton.
The hound skeleton is struck by your spines.
The hound skeleton barely misses you.
You barely miss the hound skeleton.
The hound skeleton is struck by your spines.
The hound skeleton bites you but does no damage.
You hit the hound skeleton.
The hound skeleton is struck by your spines.
You destroy the hound skeleton!
No target in view!
You now have 318 gold pieces (gained 20).
You see here a long sword.
Found an escape hatch in the floor.
Health restored: 47
There is an escape hatch in the floor here.
Found a radiant altar of Vehumet.
Menkaure, Prince of Dust comes into view.
Menkaure shouts!
Menkaure gestures wildly while chanting.
Menkaure seems to speed up.
You create a snake!
You now have 71 arrows.
Menkaure hits you!!
Your blood congeals into armour.
You take 21 damage, and have 26/47 hp.
MASSIVE DAMAGE!!
You now have 7/9 mp.
Casting: Sticks to Snakes (safe; 7% risk of failure)
Your feet morph into talons.
Menkaure casts a spell at you. Pain shoots through your body!
Your ball python bites Menkaure but does no damage.
Your ball python grabs Menkaure.
Your ball python constricts Menkaure.
You take 11 damage, and have 15/47 hp.
MASSIVE DAMAGE!!
You now have 6/9 mp.
You hit Menkaure but do no damage.
Menkaure gestures at you while chanting.
Pain shoots through your body!
* * * LOW HITPOINT WARNING * * *
Your ball python barely misses Menkaure.
Your ball python constricts Menkaure.
You take 9 damage, and have 6/47 hp.
You hit Menkaure.
Menkaure gestures at you while chanting.
Pain shoots through your body!
You die...

### ## .. ..# ..#.#
#.# #.#.# #.#
###.#.#####.#
#........##.####
...S....##.##.##
#..M#..##.#...## #
##@###.##......####
#..#...#..............
#...._....#####.######
#..#...#..# #.#
#.###.###.# #.# #.
#... ...# ##+###### #
..... ...###...#.#.#
##...####.##.....#.#.
#.#. #.......#.#.#


You could see Menkaure and a friendly ball python.

Vanquished Creatures
  A necrophage (D:5)
  2 bullfrog zombies (D:5)
  A centaur skeleton (D:4)
  2 worker ants (D:4)
  2 hound skeletons
  Robin (D:4)
  6 adders
  4 gnolls (D:5)
  A howler monkey skeleton (D:2)
  2 oozes
  A worm (D:2)
  3 dart slugs
  3 leopard geckos
  13 orcs
  13 bats
  4 giant cockroaches
  11 hobgoblins
  6 jackals
  3 kobolds
  4 quokkas
  4 frilled lizards
  15 goblins
  A quokka skeleton (D:4)
  11 rats
114 creatures vanquished.

Vanquished Creatures (collateral kills)
  A hobgoblin (D:2)
1 creature vanquished.

Grand Total: 115 creatures vanquished

Notes
Turn   | Place    | Note
-------+----------+-------------------------------------------
     0 | D:1      | Firecrotchwizard the Demonspawn Transmuter began the quest
                  | for the Orb.
     0 | D:1      | Reached XP level 1. HP: 15/15 MP: 3/3
   154 | D:1      | Reached skill level 3 in Unarmed Combat
   326 | D:1      | Reached skill level 2 in Transmutations
   326 | D:1      | Gained mutation: When seriously injured, your bleeding
                  | wounds create armour. (AC +9) [demonic ancestry]
   326 | D:1      | Reached XP level 2. HP: 21/21 MP: 3/5
   544 | D:1      | Learned a level 2 spell: Sticks to Snakes
  1263 | D:2      | Gained mutation: When seriously injured, your bleeding
                  | wounds create thick armour. (AC +9) [demonic ancestry]
  1263 | D:2      | Reached XP level 3. HP: 27/27 MP: 4/6
  1381 | D:2      | Found a sparkling altar of Nemelex Xobeh.
  1680 | D:2      | Found an ancient bone altar of Kikubaaqudgha.
  1680 | D:2      | Found a bloodstained altar of Trog.
  1764 | D:2      | Reached skill level 2 in Fighting
  2315 | D:2      | Gained mutation: Your flesh is heat resistant. (rF+)
                  | [demonic ancestry]
  2315 | D:2      | Reached XP level 4. HP: 29/33 MP: 3/7
  2766 | D:3      | HP: 8/33 [poisoned by an adder]
  2774 | D:3      | HP: 7/33 [poisoned by an adder]
  3434 | D:3      | Reached skill level 4 in Unarmed Combat
  3613 | D:3      | Gained mutation: You are partially covered in sharp spines.
                  | [demonic ancestry]
  3613 | D:3      | Reached XP level 5. HP: 24/39 MP: 6/8
  4178 | D:3      | Found a snail-covered altar of Cheibriados.
  4271 | D:4      | Reached skill level 3 in Transmutations
  4398 | D:4      | Learned a level 3 spell: Spider Form
  4508 | D:4      | Noticed a phantom
  4782 | D:4      | Reached skill level 3 in Fighting
  4861 | D:4      | Identified the cursed +0 helmet "Guhomn" {*Slow rPois
                  | Regen+}
  4861 | D:4      | Noticed Robin
  4883 | D:4      | Gained mutation: You are mostly covered in sharp spines.
                  | [demonic ancestry]
  4883 | D:4      | Reached XP level 6. HP: 39/47 MP: 9/9
  4943 | D:4      | Killed Robin
  5248 | D:5      | Entered Level 5 of the Dungeon
  5282 | D:5      | Reached skill level 1 in Poison Magic
  5354 | D:5      | HP: 10/47 [necrophage (5)]
  5355 | D:5      | Reached skill level 5 in Unarmed Combat
  5800 | D:5      | Found a radiant altar of Vehumet.
  5807 | D:5      | Noticed Menkaure
  5810 | D:5      | HP: 6/47 [Menkaure/nerve-wracking pain (9)]
  5811 | D:5      | Killed from afar by Menkaure

Levels and vault maps discovered:
D:1:      dpeg_arrival_more_subterranean_lakeside_camping, layout_basic,
          minmay_cupped
D:2:      minmay_chambers_of_twos, layout_loops_ring,
          nemelex_xobeh_ov_fountains_minmay,
          chequers_temple_overflow_statue_of_worship
D:3:      layout_loops_ring, lemuel_coloured_pillars_altar
D:4:      layout_cave_pools, uniq_robin
D:5:      minmay_evil_eye, layout_loops_corners, vehumet_crystals, first_ration,
          minmay_misc_feat_columns, minmay_stone_trees_medium, minivault_23,
          brannock_xom_greatest_gift, uniq_menkaure

Skill      XL: |  1  2  3  4  5  6 |
---------------+-------------------+-----
Unarmed Combat | 3 4 5 |  5.2
Transmutations | 2 3 |  3.5
Fighting       | 2 3 |  3.4
Poison Magic   | 1 |  1.7
Dodging        | |  1.7
Spellcasting   | |  2.0

Action                   |  1- 3 |  4- 6 || total
-------------------------+-------+-------++-------
Melee: Unarmed           |   128 |   213 ||   341
       Headbutt          |     9 |    10 ||    19
       Kick              |    10 |    13 ||    23
       Punch             |     1 |     3 ||     4
 Cast: Beastly Appendage |    15 |    17 ||    32
       Sticks to Snakes  |     3 |     5 ||     8
  Use: Scroll            |       |     1 ||     1
 Stab: Distracted        |       |     1 ||     1
  Eat: Chunk             |     5 |     8 ||    13
       Ration            |       |     1 ||     1
Armor: Robe              |    36 |    46 ||    82
Dodge: Dodged            |   105 |   112 ||   217

Table legend:
 A = Non-vault XP
 B = Vault XP
 C = Vault XP percentage of total XP
 D = Non-vault monster count
 E = Vault monster count
 F = Vault count percentage of total count
                 A         B        C        D         E       F
            +---------+---------+-------+---------+---------+-------
      Total |     642 |      64 |   9.1 |      93 |      22 |  19.1
            +---------+---------+-------+---------+---------+-------
        D:1 |      27 |       6 |  18.2 |      13 |       3 |  18.8
        D:2 |      67 |      23 |  25.6 |      27 |       8 |  22.9
        D:3 |     107 |       6 |   5.3 |      29 |       3 |   9.4
        D:4 |     148 |      29 |  16.4 |      12 |       8 |  40.0
        D:5 |     293 |       0 |   0.0 |      12 |       0 |   0.0
            +---------+---------+-------+---------+---------+-------

Levels and vault maps discovered:
D:1:      dpeg_arrival_more_subterranean_lakeside_camping, layout_basic,
          minmay_cupped
D:2:      minmay_chambers_of_twos, layout_loops_ring,
          nemelex_xobeh_ov_fountains_minmay,
          chequers_temple_overflow_statue_of_worship
D:3:      layout_loops_ring, lemuel_coloured_pillars_altar
D:4:      layout_cave_pools, uniq_robin
D:5:      minmay_evil_eye, layout_loops_corners, vehumet_crystals, first_ration,
          minmay_misc_feat_columns, minmay_stone_trees_medium, minivault_23,
          brannock_xom_greatest_gift, uniq_menkaure

Table legend:
 A = Turns spent in this place as a percentage of turns spent in the entire game.
 B = Non-inter-level travel turns spent in this place as a percentage of non-inter-level travel turns spent in the entire game.
 C = Inter-level travel turns spent in this place as a percentage of turns spent in this place.
 D = Turns resting spent in this place as a percentage of non-inter-level travel turns spent in this place.
 E = Turns spent auto-exploring this place as a percentage of non-inter-level travel turns spent in this place.
 F = Non-inter-level travel turns spent in this place divided by the number of levels of this place that you've seen.
                   A       B       C       D       E      F
               +-------+-------+-------+-------+-------+----------------------
         Total | 100.0 | 100.0 |   3.3 |  40.4 |  42.3 | 1123.6
       Dungeon | 100.0 | 100.0 |   3.3 |  40.4 |  42.3 | 1123.6
               +-------+-------+-------+-------+-------+----------------------

Table legend:
 A = Kills in this place as a percentage of kills in entire the game.
 B = Kills by you in this place as a percentage of kills by you in the entire game.
 C = Kills by friends in this place as a percentage of kills by friends in the entire game.
 D = Other kills in this place as a percentage of other kills in the entire game.
 E = Experience gained in this place as a percentage of experience gained in the entire game.
 F = Experience gained in this place divided by the number of levels of this place that you have seen.
                   A       B       C       D       E      F
               +-------+-------+-------+-------+-------+----------------------
         Total | 100.0 | 100.0 | 100.0 |   N/A | 100.0 | 141.2
       Dungeon | 100.0 | 100.0 | 100.0 |   N/A | 100.0 | 141.2
               +-------+-------+-------+-------+-------+----------------------
